 Dungeon Crawl Stone Soup version 0.30.0-18-gc0e69614cb (webtiles) character file.

Game seed: 8239171202728587388

127 benadryl the Magician (level 5, -3/35 HPs)
             Began as a Djinni Ice Elementalist on May 24, 2023.
             Slain by an orc priest
             ... wielding a +0 flail
              (6 damage)
             ... on level 3 of the Dungeon.
             The game lasted 00:05:18 (3032 turns).

benadryl the Magician (Djinni Ice Elementalist)     Turns: 3032, Time: 00:05:19

Health: -3/35      AC:  3    Str:  7    XL:     5   Next: 33%
Gold:   234        EV: 12    Int: 19    God:
                   SH:  0    Dex: 13

rFire   + + .        e - +1 dagger
rCold   x . .        (no shield)
rNeg    . . .        a - +1 robe
rPois   ∞            (no helmet)
rElec   .            (no cloak)
rCorr   +            (no gloves)
SInv    .            (boots unavailable)
Will    .....        (no amulet)
Stlth   ++           q - ring of wizardry
HPRegen 0.25/turn    b - ring of resist corrosion
MPRegen 0.00/turn

%: wizardry (x1), infuse magic (-4 HP)
@: mighty, flying
A: sickness immunity, fire resistance 2, cold vulnerability 1, float, innate
caster, HP casting, extra vitality 1
a: no special abilities


You were on level 3 of the Dungeon.
You visited 1 branch of the dungeon, and saw 4 of its levels.

You collected 234 gold pieces.

Inventory:

Hand Weapons
 e - a +1 dagger (weapon)
Armour
 a - a +1 robe (worn)
 d - a +0 kite shield
Jewellery
 b - a ring of resist corrosion (right hand)
 q - a ring of wizardry (left hand)
Wands
 y - a wand of charming (11)
Scrolls
 k - a scroll of poison
 m - a scroll of torment
 t - a scroll of teleportation
 u - a scroll of fear
 w - a scroll of brand weapon
Potions
 f - a potion of lignification {unknown}
 g - a potion of haste {unknown}
 h - a potion of might
 i - a potion of attraction {unknown}
 j - a potion of curing {unknown}
 p - a potion of magic {unknown}
 r - a potion of mutation {unknown}
 x - a potion of brilliance {unknown}


   Skills:
 - Level 2.1 Dodging
 - Level 1.5 Stealth
 * Level 4.9 Spellcasting


You knew the following spells:

 Your Spells              Type           Power      Damage    Failure   Level
a - Freeze                Ice            92%        1d9       1%          1
b - Frozen Ramparts       Ice            46%        1d7       1%          3
c - Ozocubu's Armour      Ice            23%        N/A       1%          3
d - Summon Ice Beast      Ice/Summ       23%        N/A       6%          4
e - Sting                 Tmut/Pois      92%        1d7       1%          1
f - Blink                 Tloc           46%        N/A       1%          2
Your spell library was empty.

Dungeon Overview and Level Annotations

Branches:
Dungeon (4/15)
 Temple: D:4-7

Altars:
Cheibriados
Gozag
Ru

Shops:
D:1 [


Innate Abilities, Weirdness & Mutations

You are immune to sickness and miasma.
You are immune to poison.
Your flesh is very heat resistant. (rF++)
You are vulnerable to cold. (rC-)
You float through the air rather than walking.
You learn spells naturally, not from books.
Your magical power is your life essence.
You have superior vitality. (+4 MHP)


Message History

The walls around you are covered in ice.
The wall freezes the giant cockroach but does no damage.
The giant cockroach bites you.
Casting: Frozen Ramparts (safe; 1% risk of failure)
Confirm with . or Enter, or press ? or * to list all spells.
Aiming: Freeze (safe; 1% risk of failure)
Press: ? - help, Shift-Dir - straight line, f - giant cockroach
Aim: a giant cockroach You freeze the giant cockroach.
You kill the giant cockroach!
You start resting.
The frozen ramparts melt away.
You start resting.
You hear the brisk rusting of a distant drain.
You see here a giant cockroach corpse.
An orc priest is nearby!
Unknown command.
The orc priest shouts!
The orc priest invokes the aid of Beogh against you.
Beogh smites you! The orc priest barely misses you.
There is a stone staircase leading up here.
The orc priest closely misses you.
You fly upwards.
There is a stone staircase leading down here.
Casting: Freeze (safe; 1% risk of failure)
Confirm with . or Enter, or press ? or * to list all spells.
Aiming: Freeze (safe; 1% risk of failure)
Press: ? - help, Shift-Dir - straight line, f - orc priest
Aim: an orc priest, wielding a +0 flail You freeze the orc priest!
The orc priest is heavily wounded.
The orc priest hits you with a +0 flail!
You feel very mighty all of a sudden.
The orc priest hits you with a +0 flail!
* * * LOW HITPOINT WARNING * * *
You barely miss the orc priest.
The orc priest is heavily wounded.
The orc priest hits you with a +0 flail.
You die...

##.......# #~≈≈≈~# #<.......###
#.##.##.# #~≈†≈~# #.###.#.....
#.......# #~≈~≈~# #.###.#.....
#.##.##.# ##~~~#####.##..#.####
#.##)##.# ##_#......##..#.####
#.##.##.#############.#..#....##
##.......................###.#.##
....#(<.........o.........#....[.
.##.#..##.......@>.....###.######
.##....#######..)......# #.# #
.......# #...####### #.# #
#.#....# #...# #.# #.#.#### #.<.#
###.#### ....# ####...## #......#
#.### #.......# #.#.##.##
..###### #.###.#.# #.#.##..#
####...####.##..#.######.#.###.##


You could see an orc priest.

Vanquished Creatures
  A gnoll (D:1)
  3 adders
  3 dart slugs
  An orc (D:3)
  4 endoplasms (D:2)
  5 giant cockroaches
  7 goblins
  3 hobgoblins (D:2)
  8 jackals
  2 quokkas
  6 ball pythons
  9 bats
  16 frilled lizards
  7 kobolds
  3 rats
78 creatures vanquished.

Vanquished Creatures (collateral kills)
  2 orcs (D:4)
2 creatures vanquished.

Grand Total: 80 creatures vanquished

Notes
Turn   | Place    | Note
-------+----------+-------------------------------------------
     0 | D:1      | benadryl the Djinni Ice Elementalist began the quest for
                  | the Orb.
     0 | D:1      | benadryl set off with the following spells memorised:
                  | Freeze, Frozen Ramparts, Ozocubu's Armour, Summon Ice
                  | Beast.
     0 | D:1      | Reached XP level 1. HP: 15/15 MP: 0/0
    51 | D:1      | Reached XP level 2. HP: 11/21 MP: 0/0
   365 | D:1      | Reached XP level 3. HP: 24/25 MP: 0/0
   365 | D:1      | Learned a level 1 spell: Sting
   433 | D:1      | Reached skill level 4 in Spellcasting
   608 | D:1      | Found a faded altar of an unknown god.
   687 | D:1      | Found Saulolawn's Antique Armour Emporium.
  1130 | D:2      | Reached XP level 4. HP: 18/31 MP: 0/0
  1985 | D:2      | Reached XP level 5. HP: 35/35 MP: 0/0
  1985 | D:2      | Learned a level 2 spell: Blink
  2146 | D:3      | Found an opulent altar of Gozag.
  2320 | D:3      | Found a snail-covered altar of Cheibriados.
  2353 | D:3      | Found a sacrificial altar of Ru.
  3032 | D:3      | Slain by an orc priest

Illustrated notes

Levels and vault maps discovered:
D:1:      sevenhm_arrival_forest_fort_small_5, layout_rooms,
          ebering_ecumenical_altar_petrified, serial_shops, nicolae_square_shop,
          amethyst_killhole, kennysheep_decorative_pillar, minmay_lizard_pond
D:2:      layout_rooms, kennysheep_generic_room_16
D:3:      layout_loops_cross, mainiacjoe_overflow_brackets,
          nicolae_gozag_cash_rules_everything_around_me, kennysheep_slug_shrine
D:4:      layout_cave_pods, lemuel_crystal_altar, gup_sewer_entry_spiral,
          serial_shops, nicolae_shop_mannequins, minmay_misc_feat_ornament

Skill      XL: |  1  2  3 |
---------------+----------+-----
Spellcasting   | 4 |  4.9
Dodging        | |  2.1
Stealth        | |  1.5

Action                     |  1- 3 |  4- 6 || total
---------------------------+-------+-------++-------
  Melee: Unarmed           |    16 |       ||    16
         Dagger            |    16 |    88 ||   104
   Cast: Freeze            |    39 |     7 ||    46
         Frozen Ramparts   |     2 |     5 ||     7
    Use: Scroll            |       |    11 ||    11
         Potion            |       |     1 ||     1
   Stab: Sleeping          |     1 |     4 ||     5
 Armour: Robe              |    18 |    14 ||    32
  Dodge: Dodged            |    59 |    64 ||   123
